 Dungeon Crawl Stone Soup version 0.29-a0-322-g68df515428 (webtiles) character file.

Game seed: 5371240015841347851

6619 Murumi the Covert (level 10, -3/59 HPs)
             Began as a Vampire Enchanter on Apr 8, 2022.
             Was a Believer of Okawaru.
             Slain by a fire elemental (9 damage)
             ... summoned by a deep elf pyromancer
             ... on level 8 of the Dungeon.
             The game lasted 00:40:24 (9294 turns).

Murumi the Covert (Vampire Enchanter)               Turns: 9294, Time: 00:40:25

Health: -3/59      AC:  8    Str:  7    XL:     10   Next: 72%
Magic:  7/17       EV: 15    Int: 18    God:    Okawaru [**....]
Gold:   1061       SH:  9    Dex: 19    Spells: 3/19 levels left

rFire   . . .      SeeInvis +   a - +2 dagger (freeze)
rCold   + + .      Faith    .   y - +0 kite shield
rNeg    + + +      Spirit   .   b - +1 robe
rPois   ∞          Reflect  .   (no helmet)
rElec   .          Harm     .   (no cloak)
rCorr   .          Rampage  .   (no gloves)
Will    +....                   m - +0 pair of boots
Stlth   ++++++++..              (no amulet)
HPRegen 0.00/turn               i - +4 ring of protection
MPRegen 0.15/turn               n - +4 ring of evasion

@: confusing by touch, bloodless, inhibited regen
A: bloodless, fangs 3, see invisible, vampiric 2
a: Bat Form, Revivify, Renounce Religion, Heroism


You were on level 8 of the Dungeon.
You worshipped Okawaru.
Okawaru was pleased with you.
You visited 2 branches of the dungeon, and saw 9 of its levels.
You also visited: Sewer, Ossuary and Bailey.

You collected 1061 gold pieces.

Inventory:

Hand Weapons
 a - a +2 dagger of freezing (weapon)
Missiles
 c - a throwing net
Armour
 b - a +1 robe (worn)
 m - a +0 pair of boots (worn)
 y - a +0 kite shield (worn)
Jewellery
 i - a +4 ring of protection (left hand)
 n - a +4 ring of evasion (right hand)
Wands
 h - a wand of paralysis (9)
 u - a wand of flame (37)
 v - a wand of charming (10)
Scrolls
 d - 2 scrolls of amnesia
 f - 11 scrolls of teleportation
 g - 4 scrolls of blinking
 o - 2 scrolls of enchant armour
 q - 2 scrolls of fear
 s - 2 scrolls of vulnerability
Potions
 e - 3 potions of haste
 j - 6 potions of curing
 k - 4 potions of magic
 l - 3 potions of might
 p - 5 potions of cancellation
 r - 3 potions of heal wounds {unknown}
 t - 2 potions of invisibility
 w - 2 potions of brilliance
 x - 2 potions of flight {unknown}
Miscellaneous
 z - a piece from Xom's chessboard (15/15)


   Skills:
 - Level 5.0 Fighting
 + Level 7.7 Short Blades
 - Level 2.0 Armour
 - Level 3.0 Dodging
 - Level 13.0 Stealth
 - Level 2.0 Shields
 - Level 5.0 Spellcasting
 - Level 1.0 Conjurations
 - Level 11.0 Hexes
 - Level 2.0 Translocations
 - Level 3.0 Ice Magic
 - Level 2.0 Invocations
 - Level 2.0 Evocations


You had 3 spell levels left.
You knew the following spells:

 Your Spells              Type           Power      Damage    Failure   Level
a - Ensorcelled Hibernat  Hex/Ice        58%        N/A       3%          2
b - Confusing Touch       Hex            44%        N/A       1%          3
c - Tukima's Dance        Hex            44%        N/A       1%          3
d - Dazzling Flash        Conj/Hex       52%        N/A       11%         3
e - Blink                 Tloc           22%        N/A       28%         2
f - Lesser Beckoning      Tloc           11%        N/A       50%         3

Your spell library contained the following spells:

 Spells                   Type           Power      Damage    Failure   Level
 Slow                     Hex            100%       N/A       1%          1
 Portal Projectile        Hex/Tloc       54%        N/A       9%          3
 Corpse Rot               Necr/Air       8%         N/A       54%         2
 Poisonous Vapours        Pois/Air       8%         N/A       54%         2
 Conjure Flame            Conj/Fire      6%         6-21      71%         3
 Ignite Poison            Fire/Tmut/Pois 4%         N/A       78%         3
 Vampiric Draining        Necr           4%         2d6       78%         3
 Cause Fear               Hex            22%        N/A       4%          4
 Leda's Liquefaction      Hex/Erth       12%        N/A       41%         4
 Metabolic Englaciation   Hex/Ice        14%        N/A       56%         5
 Sticky Flame             Conj/Fire      6%         2d3       98%         4
 Manifold Assault         Tloc           11%        N/A       99%         5
 Enfeeble                 Hex            22%        N/A       99%         7
 Alistair's Intoxication  Tmut/Pois      2%         N/A       100%        5
 Borgnjor's Vile Clutch   Necr/Erth      2%         N/A       100%        5
 Eringya's Noxious Bog    Tmut/Pois      2%         N/A       100%        6
 Discord                  Hex            22%        N/A       100%        8
 Fire Storm               Conj/Fire      3%         8d1       100%        9
 Summon Guardian Golem    Hex/Summ       Unusable   N/A       N/A         3
 Summon Small Mammal      Summ           Unusable   N/A       N/A         1
 Call Canine Familiar     Summ           Unusable   N/A       N/A         3
 Animate Armour           Summ/Erth      Unusable   N/A       N/A         4
 Haunt                    Necr/Summ      Unusable   N/A       N/A         7

Dungeon Overview and Level Annotations

Branches:
Dungeon (8/15)             Temple (1/1) D:7           Sewer (visited)
Ossuary (visited)          Bailey (visited)
   Lair: D:8-11

Altars:
Ashenzari
Cheibriados
Dithmenos
Elyvilon
Fedhas
Gozag
Hepliaklqana
Kikubaaqudgha
Makhleb
Nemelex Xobeh
Okawaru
Qazlal
Ru
Sif Muna
Trog
Uskayaw
Vehumet
Wu Jian
Xom
Yredelemnul
Zin
The Shining One


Innate Abilities, Weirdness & Mutations

You do not regenerate when monsters are visible.
You are frail without blood (-20% HP).
You can heal yourself when you bite living creatures.
You are immune to poison.
You have razor-sharp teeth.
You have supernaturally acute eyesight. (SInv)
You are afflicted with vampirism and can become a bat while bloodless.


Message History

You are covered in liquid flames!
The fire elemental misses you.
The deep elf pyromancer hits you with a +0 rapier.
The fire elemental hits you. The fire elemental burns you!
Casting: Ensorcelled Hibernation (safe; 3% risk of failure)
Confirm with . or Enter, or press ? or * to list all spells.
Aiming: Ensorcelled Hibernation (safe; 3% risk of failure)
Press: ? - help, Shift-Dir - straight line, f/p - deep elf pyromancer
Aim: a deep elf pyromancer, wielding a +0 rapier (chance to confuse on hit: 50%, chance to affect: 41%)
The deep elf pyromancer resists with some effort.
The deep elf pyromancer hits you but does no damage.
The fire elemental misses you.
Casting: Ensorcelled Hibernation (safe; 3% risk of failure)
Confirm with . or Enter, or press ? or * to list all spells.
Aiming: Ensorcelled Hibernation (safe; 3% risk of failure)
Press: ? - help, Shift-Dir - straight line, f/p - deep elf pyromancer
Aim: a deep elf pyromancer, wielding a +0 rapier (chance to confuse on hit: 50%, chance to affect: 41%)
The deep elf pyromancer resists with some effort.
You block the fire elemental's attack.
The deep elf pyromancer barely misses you.
Casting: Ensorcelled Hibernation (safe; 3% risk of failure)
Confirm with . or Enter, or press ? or * to list all spells.
Aiming: Ensorcelled Hibernation (safe; 3% risk of failure)
Press: ? - help, Shift-Dir - straight line, f/p - deep elf pyromancer
Aim: a deep elf pyromancer, wielding a +0 rapier (chance to confuse on hit: 50%, chance to affect: 41%)
The deep elf pyromancer resists with some effort.
The fire elemental completely misses you.
The deep elf pyromancer hits you with a +0 rapier.
* * * LOW HITPOINT WARNING * * *
The fire elemental hits you. The fire elemental burns you!
* * * LOW HITPOINT WARNING * * *
As you read the scroll of fear, it crumbles to dust.
You assume a fearsome visage.
The kobold brigand looks frightened!
The wraith is unaffected.
The manticore looks frightened!
The deep elf pyromancer looks frightened!
The fire elemental is unaffected.
The deep elf pyromancer mumbles some strange words.
The deep elf pyromancer blinks!
The fire elemental hits you. The fire elemental burns you!
You die...

***************#.## #.###
*>,,,,,,,,,...##..#######...#
*,,,,,,,,,,...##.............
*,,**#####*#..###.#######...#
*,,*,.....,#..# #.# ##.##
*,,*,......#..###.#######...#
*,,*,.?$=H.#.K##..........#..
*,,,,.$)$..§EW##.......##...#
*,,*,.$$[.,#@.###.####.###.##
*,,*,......#..# #.# #.# #.#
*,,*,......#..# #.# #.###.##
*,,**#######..###.####.......
*,,,,.........##......[....##
*,,,,........<##############
*****##########


You could see a manticore (fleeing), a fire elemental (summoned), a wraith and a
kobold brigand (fleeing).

Vanquished Creatures
  A cyclops (D:7)
  Joseph (D:8)
  2 trolls
  Sigmund (D:5)
  5 yaks (D:8)
  A steam dragon (D:7)
  A water moccasin (D:7)
  2 orc warriors (Bailey)
  A black bear (D:6)
  5 sky beasts
  5 ice beasts
  3 ogres
  A phantom (D:4)
  9 kobold brigands
  3 bullfrogs
  2 gnoll sergeants
  An elf zombie (Ossuary)
  A necrophage (D:8)
  3 scorpions
  3 wights (D:5)
  9 killer bees (D:8)
  3 centaur zombies (Ossuary)
  A human zombie (Ossuary)
  4 orc priests
  5 hounds
  4 iguanas
  A gnoll shaman (D:8)
  2 orc wizards (D:6)
  2 mummies (Ossuary)
  6 adders
  19 gnolls
  A white imp (D:7)
  3 ufetubi
  2 adder zombies (Ossuary)
  6 worms
  A dart slug (D:1)
  12 orcs
  11 ball pythons
  10 endoplasms
  10 giant cockroaches
  10 goblins
  5 hobgoblins
  36 kobolds
  5 quokkas
  5 bats
  9 frilled lizards
  7 hobgoblin zombies (Ossuary)
  A jackal zombie (Ossuary)
  7 kobold zombies (Ossuary)
  11 orc zombies (Ossuary)
  5 rats
  3 rat zombies (Ossuary)
267 creatures vanquished.

Vanquished Creatures (collateral kills)
  An adder zombie (Ossuary)
1 creature vanquished.

Grand Total: 268 creatures vanquished

Notes
Turn   | Place    | Note
-------+----------+-------------------------------------------
     0 | D:1      | Murumi the Vampire Enchanter began the quest for the Orb.
     0 | D:1      | Reached XP level 1. HP: 13/13 MP: 3/3
    63 | D:1      | Reached skill level 5 in Stealth
   119 | D:1      | Reached XP level 2. HP: 15/15 MP: 5/5
   177 | D:1      | Learned a level 2 spell: Ensorcelled Hibernation
   426 | D:1      | Found a faded altar of an unknown god.
  1146 | D:2      | Gained mutation: You are afflicted with vampirism and can
                  | become a bat while bloodless. [Vampire growth]
  1146 | D:2      | Reached XP level 3. HP: 19/19 MP: 6/6
  1181 | D:2      | Reached skill level 5 in Hexes
  1377 | D:2      | Learned a level 3 spell: Confusing Touch
  1399 | D:2      | Reached skill level 1 in Ice Magic
  1500 | D:2      | Reached skill level 1 in Fighting
  1697 | D:2      | Reached XP level 4. HP: 25/25 MP: 7/7
  2234 | D:3      | Reached skill level 1 in Evocations
  2946 | D:3      | Reached XP level 5. HP: 30/30 MP: 8/8
  3375 | D:4      | Reached skill level 6 in Stealth
  3568 | D:4      | Noticed a phantom
  3571 | D:4      | Killed a phantom
  3572 | D:4      | Reached skill level 1 in Armour
  3576 | D:4      | Learned a level 3 spell: Tukima's Dance
  3764 | D:4      | Reached XP level 6. HP: 34/35 MP: 1/9
  3835 | D:4      | Found an ornate altar of the Wu Jian Council.
  3960 | D:5      | Entered Level 5 of the Dungeon
  4037 | D:5      | Reached skill level 7 in Stealth
  4117 | D:5      | Found an ancient bone altar of Kikubaaqudgha.
  4132 | D:5      | Reached skill level 8 in Stealth
  4258 | D:5      | Noticed an ice beast
  4269 | D:5      | Killed an ice beast
  4270 | D:5      | Reached XP level 7. HP: 40/40 MP: 3/10
  4757 | D:5      | Learned a level 3 spell: Dazzling Flash
  4831 | D:5      | Reached skill level 1 in Conjurations
  4906 | D:5      | Noticed Sigmund
  4911 | D:5      | Killed Sigmund
  4912 | D:5      | Reached skill level 9 in Stealth
  4912 | D:5      | Reached XP level 8. HP: 46/46 MP: 12/12
  4915 | D:5      | Learned a level 2 spell: Blink
  5034 | D:6      | Reached skill level 1 in Translocations
  5034 | D:6      | Found a glowing drain.
  5057 | Sewer    | Entered a sewer
  5301 | D:6      | Reached skill level 5 in Short Blades
  5478 | D:6      | Reached skill level 10 in Stealth
  5515 | D:6      | Noticed a troll
  5525 | D:6      | Killed a troll
  5789 | D:6      | Reached XP level 9. HP: 52/52 MP: 10/14
  6175 | D:7      | Found a staircase to the Ecumenical Temple.
  6204 | D:7      | Reached skill level 11 in Stealth
  6297 | D:7      | Reached skill level 10 in Hexes
  6301 | D:7      | Learned a level 3 spell: Lesser Beckoning
  6316 | D:7      | Found a sand-covered staircase.
  6321 | Ossuary  | Entered an ossuary
  6717 | Temple   | Entered the Ecumenical Temple
  6858 | Temple   | Became a worshipper of Warmaster Okawaru
  6947 | D:7      | Identified a scroll of acquirement
  6947 | D:7      | Acquired the Volume of Theory
  6998 | D:7      | Reached skill level 12 in Stealth
  7044 | D:7      | Found a basalt altar of Yredelemnul.
  7374 | D:7      | Noticed a cyclops
  7383 | D:7      | Reached skill level 1 in Invocations
  7388 | D:7      | Killed a cyclops
  7571 | D:8      | Reached XP level 10. HP: 56/56 MP: 13/16
  7685 | D:8      | Noticed a deep elf pyromancer
  7754 | D:8      | Found a flagged portal.
  7765 | Bailey   | Entered a bailey
  7798 | Bailey   | Reached * piety under Okawaru
  7855 | Bailey   | Identified the +0 ring mail of Surprise {rF++ rN+}
  7898 | Bailey   | Found an iron altar of Okawaru.
  7911 | Bailey   | Reached skill level 5 in Fighting
  8037 | Bailey   | Got the Handbook of Blistering Summoning
  8312 | D:8      | Reached skill level 5 in Spellcasting
  8488 | D:8      | Noticed Joseph
  8508 | D:8      | Killed Joseph
  8509 | D:8      | Reached skill level 1 in Shields
  8902 | D:8      | Reached ** piety under Okawaru
  8909 | D:8      | Reached skill level 13 in Stealth
  9284 | D:8      | Noticed a manticore
  9294 | D:8      | Slain by a fire elemental

Illustrated notes

Levels and vault maps discovered:
D:1:      dpeg_arrival_connections, layout_rooms,
          nicolae_ecumenical_snake_handling
D:2:      minmay_chambers_of_ones, layout_loops_ring
D:3:      layout_loops_corners, supply_closet_lemuel,
          nicolae_concentric_dashed_squares_wild
D:4:      layout_basic, marbit_many_paths
D:5:      layout_basic, kiku_gazebo_pond_becter, kennysheep_generic_room_14,
          uniq_sigmund
D:6:      layout_cave_pools, gup_sewer_entry_pipe,
          hangedman_abyss_or_decor_stagger, minivault_1
D:7:      layout_basic, kennysheep_ying_yang, minmay_temple_entry_overgrown,
          enter_ossuary_5, minmay_starry_boxes
D:8:      cheibrodos_elevator_heist, layout_loops_ring, enter_bailey_2,
          uniq_joseph
Temple:   mainiacjoe_temple_coin_purse

Skill      XL: |  1  2  3  4  5  6  7  8  9 10 |
---------------+-------------------------------+-----
Stealth        | 5 6 8 9 10 12 13 | 13.0
Short Blades   | 2 3 4 5 6 7 |  7.7
Dodging        | 3 |  3.0
Hexes          | 5 6 8 9 10 11 | 11.0
Ice Magic      | 1 2 3 |  3.0
Fighting       | 1 2 3 4 5 |  5.0
Evocations     | 1 2 |  2.0
Armour         | 1 2 |  2.0
Spellcasting   | 3 4 5 |  5.0
Conjurations   | 1 |  1.0
Translocations | 1 2 |  2.0
Invocations    | 2 |  2.0
Shields        | 2 |  2.0

Action                   |  1- 3 |  4- 6 |  7- 9 | 10-12 || total
-------------------------+-------+-------+-------+-------++-------
Melee: Dagger            |    87 |    98 |   278 |   124 ||   587
       Bite              |     6 |    12 |    14 |     7 ||    39
       Punch             |     1 |       |     5 |       ||     6
 Cast: Ensorcelled Hiber |     7 |    19 |    42 |    53 ||   121
       Confusing Touch   |       |     2 |     5 |     2 ||     9
 Abil: Exsanguinate      |     1 |       |       |       ||     1
  Use: Scroll            |    11 |     4 |     8 |     3 ||    26
       Potion            |       |     1 |     1 |       ||     2
 Stab: Sleeping          |    16 |    34 |    77 |    39 ||   166
       Distracted        |     2 |       |       |     2 ||     4
       Invisible         |       |     2 |     2 |       ||     4
       Confused          |       |       |     6 |     1 ||     7
Armor: Robe              |    15 |    12 |    56 |    30 ||   113
Dodge: Dodged            |    44 |    70 |   168 |    85 ||   367
Block: Kite shield       |       |       |       |    38 ||    38

Table legend: (Time is in decaauts)
 A = Elapsed time spent in this place.
 B = Non-inter-level travel time spent in this place.
 C = Inter-level travel time spent in this place.
 D = Time resting spent in this place.
 E = Time spent auto-exploring this place.
 F = Levels seen in this place.
 G = Mean time per level.
                   A        B        C        D        E       F      G
               +--------+--------+--------+--------+--------+-----+--------+
         Total |   9225 |   8558 |    667 |    113 |   6551 |  12 |  768.8 |
       Dungeon |   8204 |   7574 |    630 |    110 |   6001 |   8 | 1025.5 |
        Temple |    153 |    117 |     36 |      0 |    102 |   1 |  153.0 |
         Sewer |    231 |    231 |      0 |      0 |    125 |   1 |  231.0 |
       Ossuary |    296 |    296 |      0 |      0 |    132 |   1 |  296.0 |
        Bailey |    340 |    340 |      0 |      3 |    190 |   1 |  340.0 |
               +--------+--------+--------+--------+--------+-----+--------+

Top non-repeatable levels by time:
     D:8: 1225 daAuts
     D:3: 1133 daAuts
     D:1: 1115 daAuts
     D:7: 1052 daAuts
     D:2: 1018 daAuts
     D:5: 979 daAuts
     D:6: 930 daAuts
     D:4: 748 daAuts
  Bailey: 340 daAuts
 Ossuary: 296 daAuts
   Sewer: 231 daAuts
  Temple: 153 daAuts
